 Dungeon Crawl Stone Soup version 0.29-a0-541-gaf1fc19f1b (webtiles) character file.

Game seed: 7030566787011401338

21 IdlyInterested the Slasher (level 2, 0/22 HPs)
             Began as a Demonspawn Gladiator on June 2, 2022.
             Succumbed to an adder's poison
             ... on level 2 of the Dungeon.
             The game lasted 00:01:36 (686 turns).

IdlyInterested the Slasher (Demonspawn Gladiator)    Turns: 686, Time: 00:01:36

Health: 0/22       AC:  7    Str: 14    XL:     2   Next: 62%
Magic:  2/2        EV:  8    Int:  7    God:
Gold:   74         SH:  0    Dex: 14    Spells: 1/1 levels left

rFire   + . .      SeeInvis .   a - +0 long sword
rCold   . . .      Faith    .   (no shield)
rNeg    . . .      Spirit   .   j - +0 ring mail
rPois   .          Reflect  .   c - +0 helmet
rElec   .          Harm     .   (no cloak)
rCorr   .          Rampage  .   (no gloves)
Will    .....                   g - +0 pair of boots
Stlth   +.........              (no amulet)
HPRegen 0.07/turn               (no ring)
MPRegen 0.08/turn               (no ring)

@: lethally poisoned (0 -> -6), constricted
A: powered by death 1, dopey 1, fire resistance 1, no potion heal 1, subdued
magic 1
a: no special abilities


You were on level 2 of the Dungeon.
You visited 1 branch of the dungeon, and saw 2 of its levels.

You collected 74 gold pieces.

Inventory:

Hand Weapons
 a - a +0 long sword (weapon)
Missiles
 d - 3 throwing nets (quivered)
 e - 3 javelins
 f - 23 stones
Armour
 b - a +0 leather armour
 c - a +0 helmet (worn)
 g - a +0 pair of boots (worn)
 j - a +0 ring mail (worn)
Scrolls
 h - a scroll of identify {unknown}


   Skills:
 - Level 2.0 Fighting
 * Level 3.1 Long Blades
 - Level 1.7 Throwing
 + Level 2.9 Dodging
 * Level 1.3 Stealth


You had one spell level left.
You didn't know any spells.
Your spell library was empty.

Dungeon Overview and Level Annotations

Branches:
Dungeon (2/15)

Altars:


Innate Abilities, Weirdness & Mutations

You regenerate a little health from kills.
You are dopey. (Int -2)
Your flesh is heat resistant. (rF+)
Potions are less effective at restoring your health.
Your spells are a little easier to cast, but a little less powerful.


Message History

Found a potion of haste.
The ball python hisses angrily.
The rat twitches its whiskers.
The adder bites you.
You miss the adder.
The ball python bites you but does no damage.
The ball python closely misses you. The adder bites you.
You are poisoned.
The adder poisons you! The ball python barely misses you.
The ball python closely misses you.
You closely miss the adder.
You feel sick. The adder bites you but does no damage.
The ball python bites you. The ball python misses you.
The adder bites you but does no damage.
You closely miss the adder.
You feel sick.
The ball python bites you but does no damage.
The ball python grabs you. The ball python constricts you.
The adder barely misses you.
The ball python bites you but does no damage.
The ball python constricts you. The adder bites you but does no damage.
You barely miss the adder.
You feel sick. The ball python bites you. The ball python constricts you.
The adder bites you but does no damage.
The ball python bites you but does no damage.
The ball python constricts you.
You hit the adder.
The adder is heavily wounded.
You feel sick. The adder bites you.
You are lethally poisoned!
The adder poisons you! The ball python bites you.
* * * LOW HITPOINT WARNING * * *
The ball python constricts you. The adder barely misses you.
You hit the adder.
The adder is severely wounded.
* * * LOW HITPOINT WARNING * * *
You feel very sick. The adder bites you.
* * * LOW HITPOINT WARNING * * *
The ball python barely misses you. The ball python constricts you.
You barely miss the adder.
The adder is severely wounded.
You die...

#....!......
#...........
#...........
#...........
#...........
#S.?.....$. ###
#.r$...... ...#####
#####Sr..#
.......##^..@S####
............###
#..#.........#
#..##.†#........
#......##..#.....
##..)......##..#.
##....#...#.....#
#†.##.##..#......
#.....###.....###.#.


You could see an adder, a quokka, a ball python and a rat.

Vanquished Creatures
  An adder (D:2)
  2 ball pythons
  A bat (D:1)
  An endoplasm (D:1)
  A goblin (D:1)
  A kobold (D:2)
  2 quokkas (D:1)
  A frilled lizard (D:1)
10 creatures vanquished.

Notes
Turn   | Place    | Note
-------+----------+-------------------------------------------
     0 | D:1      | IdlyInterested the Demonspawn Gladiator began the quest for
                  | the Orb.
     0 | D:1      | Reached XP level 1. HP: 16/16 MP: 1/1
   466 | D:1      | Reached skill level 1 in Stealth
   466 | D:1      | Gained mutation: You regenerate a little health from kills.
                  | [demonic ancestry]
   466 | D:1      | Reached XP level 2. HP: 17/22 MP: 2/2
   579 | D:1      | Gained mutation: Potions are less effective at restoring
                  | your health. [potion of mutation]
   579 | D:1      | Gained mutation: You are dopey. (Int -2) [potion of
                  | mutation]
   579 | D:1      | Gained mutation: Your spells are a little easier to cast,
                  | but a little less powerful. [potion of mutation]
   579 | D:1      | Gained mutation: Your flesh is heat resistant. (rF+)
                  | [potion of mutation]
   599 | D:2      | Reached skill level 3 in Long Blades
   685 | D:2      | HP: 1/22 [adder (3)]
   686 | D:2      | Succumbed to an adder's poison

Illustrated notes

Levels and vault maps discovered:
D:1:      erik_arrival_orb_chamber, layout_basic, serial_corexii_hall,
          chequers_hall_statues_corner_a, corexii_hall_statues_x
D:2:      layout_rooms, chequers_ecumenical_altar_simple_redux,
          hangedman_decor_points

Skill      XL: |  1  2 |
---------------+-------+-----
Stealth        | 1 |  1.3
Long Blades    | 3 |  3.1
Fighting       | |  2.0
Throwing       | |  1.7
Dodging        | |  2.9

Action                   || total
-------------------------++-------
Melee: Long sword        ||    33
  Use: Potion            ||     3
       Scroll            ||     2
Armor: Leather armour    ||     3
       Ring mail         ||    13
Dodge: Dodged            ||    20

Table legend: (Time is in decaauts)
 A = Elapsed time spent in this place.
 B = Non-inter-level travel time spent in this place.
 C = Inter-level travel time spent in this place.
 D = Time resting spent in this place.
 E = Time spent auto-exploring this place.
 F = Levels seen in this place.
 G = Mean time per level.
                   A        B        C        D        E       F      G
               +--------+--------+--------+--------+--------+-----+--------+
         Total |    674 |    671 |      3 |      0 |    539 |   2 |  337.0 |
       Dungeon |    674 |    671 |      3 |      0 |    539 |   2 |  337.0 |
               +--------+--------+--------+--------+--------+-----+--------+

Top non-repeatable levels by time:
     D:1: 590 daAuts
     D:2: 84 daAuts
